 Dungeon Crawl Stone Soup version 0.17.0-28-g6e173f8 (webtiles) character file.

252 Rationalist the Shield-Bearer (level 6, -1/48 HPs)
             Began as a Formicid Fighter on Nov 26, 2015.
             Slain by Duvessa
             ... wielding a +0 short sword of electrocution
              (8 damage)
             ... on level 4 of the Dungeon.
             The game lasted 00:04:21 (2795 turns).

Rationalist the Shield-Bearer (Formicid Fighter)    Turns: 2795, Time: 00:04:21

Health: -1/48      AC:  7    Str: 25    XL:     6   Next: 36%
Magic:  6/6        EV:  9    Int:  8    God:
Gold:   107        SH: 10    Dex: 12    Spells: 0 memorised, 5 levels left

rFire  . . .     SeeInvis +     s - +4 hand axe
rCold  . . .     Clarity  .     b - +0 scale mail
rNeg   . . .     SustAt   .     c - +0 shield
rPois  .         Gourm    .     (helmet unavailable)
rElec  .         Spirit   .     (no cloak)
rCorr  .         Warding  .     (no gloves)
rMut   .         Stasis   +     (no boots)
MR     .....                    (no amulet)
Stlth  ..........               (no ring)
                                (no ring)

@: mighty, very slightly contaminated, invisible, not resistant to hostile
enchantments, extremely unstealthy
A: permanent stasis, dig shafts and tunnels, four strong arms, antennae 3
a: Dig, Shaft Self


You were on level 4 of the Dungeon.
You were hungry.

You visited 1 branch of the dungeon, and saw 4 of its levels.

You collected 107 gold pieces.

Inventory:

Hand Weapons
 a - a +0 war axe
 g - a +1 vampiric hand axe
 s - a +4 hand axe (weapon)
Missiles
 f - 47 sling bullets
 m - 20 bolts
Armour
 b - a +0 scale mail (worn)
 c - a +0 shield (worn)
Wands
 u - a wand of disintegration (11)
Scrolls
 h - a scroll of blinking {unknown}
 i - 2 scrolls of magic mapping {unknown}
 j - 2 scrolls of immolation {unknown}
 k - 4 scrolls of remove curse {unknown}
 o - 5 scrolls of identify {unknown}
Potions
 d - a potion of might
 n - a potion of invisibility
 p - a potion of ambrosia {unknown}
 q - a potion of brilliance {unknown}
 r - a potion of poison {unknown}
Comestibles
 l - a beef jerky


   Skills:
 + Level 4.0 Fighting
 + Level 3.1 Axes
 + Level 4.3 Armour
 + Level 2.2 Dodging
 + Level 1.0 Stealth
 + Level 5.1 Shields


You had 5 spell levels left.
You didn't know any spells.

Dungeon Overview and Level Annotations

Branches:
Dungeon (4/15)
 Temple: D:4-7

Altars:
Trog

Annotations:
D:4 Duvessa


Innate Abilities, Weirdness & Mutations

You are under a permanent stasis effect.
You can dig through walls and to a lower floor.
Your four strong arms can wield two-handed weapons with a shield.
You have a pair of large antennae on your head (SInv).


Message History

Dowan is almost dead.
Your scale mail prevents you from hitting Duvessa.
Duvessa is heavily wounded.
Dowan casts a spell at you. The puff of frost misses you.
Duvessa barely misses you.
You slash Dowan!
You kill Dowan!
Duvessa screams in rage.
Duvessa goes berserk!
Your Fighting skill increases to level 4!
Your Axes skill increases to level 3!
Your Stealth skill increases to level 1!
You slash Duvessa!
Duvessa is heavily wounded.
You are feeling hungry.
Duvessa closely misses you. You block Duvessa's attack.
You closely miss Duvessa.
Duvessa is heavily wounded.
Duvessa hits you with a short sword of electrocution!
You die...

#.#.#.#######..
###.#.#>........
#...........#.#
#.#.##......#.#
. #......#.# ..
.##......#.# ...
........?..#....
##............#
#.....@).....#
#.....e)$....#
#............#
#............#
................
##..............
#..........?...
#..(...........
#..............


You could see Duvessa (berserk).

Vanquished Creatures
  Dowan (D:4)
  Natasha (twice) (D:2)
  Robin (D:3)
  8 adders
  4 worms
  A giant gecko (D:1)
  2 orcs
  A ball python (D:3)
  9 bats
  9 hobgoblins
  4 jackals (D:3)
  8 kobolds
  3 quokkas
  A giant cockroach (D:1)
  14 goblins
  4 rats
72 creatures vanquished.

Notes
Turn   | Place    | Note
--------------------------------------------------------------
     0 | D:1      | Rationalist the Formicid Fighter began the quest for the Orb.
     0 | D:1      | Reached XP level 1. HP: 18/18 MP: 1/1
   285 | D:1      | Reached XP level 2. HP: 24/24 MP: 2/2
   817 | D:2      | Reached XP level 3. HP: 28/30 MP: 3/3
   836 | D:2      | Reached skill level 4 in Shields
   848 | D:2      | Noticed Natasha
   862 | D:2      | Killed Natasha
   862 | D:2      | Reached skill level 1 in Dodging
   862 | D:2      | Reached XP level 4. HP: 20/37 MP: 4/4
   957 | D:2      | Noticed Natasha
   966 | D:2      | Killed Natasha
  1167 | D:2      | Reached XP level 5. HP: 42/42 MP: 5/5
  1671 | D:3      | Noticed Robin
  1678 | D:3      | Killed Robin
  2069 | D:3      | Found a bloodstained altar of Trog.
  2396 | D:3      | Reached XP level 6. HP: 36/48 MP: 6/6
  2771 | D:4      | Reached skill level 5 in Shields
  2779 | D:4      | Noticed Dowan
  2780 | D:4      | Noticed Duvessa
  2786 | D:4      | HP: 1/48 [Dowan/puff of flame (3)]
  2794 | D:4      | Killed Dowan
  2794 | D:4      | Reached skill level 1 in Stealth
  2795 | D:4      | Slain by Duvessa

Action                   |  1- 3 |  4- 6 || total
-------------------------+-------+-------++-------
Melee: War axe           |    18 |       ||    18
       Hand axe          |    50 |   163 ||   213
  Use: Potion            |       |     3 ||     3
 Stab: Invisible         |       |     3 ||     3
  Eat: Bread ration      |     1 |       ||     1
       Chunk             |       |     6 ||     6
